Map: Lockdown LE

Players

leemonZito - Winner!

  • Race: Zerg Zerg
  • League: Grandmaster
  • Spawn Location: 7:00

RipNHammer

  • Race: Terran Terran
  • League: Master
  • Spawn Location: 1:00

VOD

Have the link to the VOD?

Description

Time

  • Played on: Sept. 7, 2026, 12:36 p.m.
  • Length: 16:10
Show
View Real Time Build Order
Export as new Build Order

leemonZito Zerg - Winner!

Build Orders: Pool First, Brood Lord Corruptor 

Get SALT Encoding   

  8  0:00  Drone  
  9  0:10  Drone  
  10  0:17  Drone  
  11  0:28  Overlord  
  11  0:35  Drone  
  12  0:47  Drone x2  
  14  0:52  Drone  
  15  1:05  Spawning Pool  
  15  1:08  Drone  
  15  1:12  Drone  
  16  1:33  Hatchery  
  16  1:36  Drone  
  16  1:43  Extractor  
  15  1:52  Zergling x6  
  18  2:01  Queen  
  20  2:08  Overlord  
  20  2:28  Drone x2  
  22  2:34  Drone  
  23  2:39  Queen  
  26  2:44  Drone  
  26  3:07  Hatchery, Drone  
  25  3:22  Drone x5  
  30  3:29  Overlord  
  30  3:33  Metabolic Boost  
  30  3:41  Evolution Chamber  
  30  3:43  Drone  
  30  3:51  Drone  
  30  3:53  Drone  
  30  3:54  Drone x3  
  35  3:59  Overlord  
  35  4:01  Drone  
  36  4:09  Queen  
  36  4:14  Zerg Ground Armor Level 1  
  38  4:18  Zergling x4  
  38  4:23  Drone x2  
  38  4:24  Drone  
  43  4:35  Zergling x4  
  45  4:43  Baneling Nest  
  44  4:46  Drone x3  
  44  4:48  Queen  
  44  4:50  Burrow  
  49  4:53  Zergling x2  
  49  4:54  Zergling x4  
  52  5:00  Overlord  
  52  5:08  Overlord x2  
  52  5:10  Roach Warren  
  51  5:22  Drone  
  51  5:24  Overlord, Extractor  
  51  5:25  Extractor  
  50  5:35  Lair  
  50  5:38  Drone x2  
  50  5:39  Drone x4  
  50  5:40  Drone x2  
  55  6:01  Spore Crawler  
  55  6:02  Spore Crawler  
  50  6:05  Drone  
  50  6:06  Drone x3  
  50  6:07  Roach x3  
  50  6:08  Roach x3  
  65  6:13  Drone x3, Spore Crawler  
  65  6:17  Spore Crawler  
  66  6:19  Roach  
  66  6:20  Roach  
  66  6:24  Roach x2  
  74  6:30  Zerg Missile Weapons Level 1  
  74  6:36  Roach  
  76  6:41  Overseer  
  76  6:48  Overlord x3  
  76  6:49  Overlord  
  76  7:05  Overlord x2  
  76  7:06  Drone x2  
  76  7:07  Drone x7  
  85  7:20  Roach x4  
  85  7:21  Drone  
  92  7:26  Drone x3  
  92  7:27  Drone  
  92  7:29  Pneumatized Carapace  
  94  7:31  Drone x2  
  94  7:32  Extractor  
  94  7:33  Extractor  
  94  7:35  Hydralisk Den  
  93  7:38  Drone x4  
  97  7:45  Spore Crawler  
  96  7:58  Extractor  
  95  7:59  Centrifugal Hooks  
  95  8:04  Grooved Spines  
  92  8:11  Drone x3  
  92  8:12  Drone x4  
  98  8:14  Drone x6  
  98  8:15  Drone  
  104  8:20  Queen x2  
  104  8:21  Queen, Overlord  
  110  8:32  Drone x3  
  110  8:33  Overlord x3  
  113  8:39  Overlord x2  
  113  8:40  Overlord  
  112  8:51  Glial Reconstitution  
  112  8:52  Zerg Missile Weapons Level 2  
  112  8:54  Muscular Augments  
  112  8:56  Evolution Chamber  
  112  8:57  Roach x4  
  112  9:00  Hydralisk x2  
  112  9:01  Hydralisk  
  125  9:06  Spine Crawler  
  120  9:18  Overlord  
  120  9:19  Hatchery  
  117  9:26  Overlord x2  
  117  9:28  Zerg Ground Armor Level 2  
  117  9:29  Hydralisk x2  
  117  9:30  Roach x3  
  127  9:33  Roach x3  
  127  9:43  Drone x2  
  127  9:44  Spire, Infestation Pit  
  127  9:45  Drone x2  
  129  9:46  Hydralisk x2  
  129  9:47  Roach  
  129  9:48  Roach  
  137  9:56  Hydralisk x3  
  137  9:57  Hydralisk  
  145  10:19  Ravager x7  
  152  10:21  Zergling x2  
  152  10:22  Zergling x28  
  167  10:31  Drone x4  
  167  10:32  Drone x4  
  175  10:46  Hive  
  169  11:03  Drone x9  
  169  11:04  Drone x9  
  182  11:06  Extractor  
  182  11:07  Extractor  
  181  11:16  Zerg Melee Weapons Level 1  
  168  11:44  Drone  
  169  11:47  Spore Crawler  
  169  11:49  Spine Crawler x2  
  166  11:55  Roach  
  165  12:06  Greater Spire, Corruptor x2  
  165  12:07  Corruptor x5  
  165  12:08  Hatchery  
  178  12:11  Hatchery  
  178  12:12  Hatchery  
  176  12:16  Corruptor x4  
  176  12:20  Corruptor x3  
  176  12:21  Corruptor  
  192  12:28  Hydralisk  
  192  12:29  Hydralisk x2, Roach  
  200  12:37  Corruptor  
  192  13:21  Brood Lord x5  
  192  13:23  Brood Lord  
  196  13:27  Brood Lord x3  
  196  13:29  Zergling x12  
  196  13:30  Spore Crawler  
  196  13:31  Spore Crawler  
  196  13:33  Spine Crawler x2  
  196  13:36  Overseer x2  
  196  13:38  Brood Lord  
  196  13:40  Zergling x4  
  200  13:55  Overseer x2  
  198  14:09  Baneling x7  
  198  14:10  Baneling  
  198  14:11  Ravager  
  199  14:24  Overlord  
  177  14:48  Hydralisk x2  
  177  14:49  Hydralisk x3, Zergling x6  
  177  14:51  Hydralisk x6  
  177  14:52  Hydralisk x6, Zergling x2  
  185  14:53  Hydralisk, Zergling x8  
  185  14:54  Hydralisk  
  185  14:55  Hydralisk x2, Zergling x6  
  185  14:57  Hydralisk x2, Zergling x2  
  195  15:02  Zergling x6, Roach  
  195  15:03  Roach  
  186  15:12  Hydralisk x2  
  186  15:13  Zergling x2  
  185  15:28  Zergling x4, Roach  
  185  15:29  Roach x2  
  188  15:41  Extractor  
  180  15:45  Extractor  
  180  15:47  Zergling x4  
  183  15:51  Zergling x6  
Show
View Real Time Build Order
Export as new Build Order

RipNHammer Terran 

Build Orders: Reaper Expand, Hellion Banshee, Mech 

Get SALT Encoding   

  8  0:04  SCV  
  9  0:16  SCV  
  10  0:28  SCV  
  11  0:40  SCV  
  12  0:43  Supply Depot  
  12  0:52  SCV  
  13  0:59  Refinery  
  13  1:04  SCV  
  13  1:07  Barracks  
  14  1:16  SCV  
  15  1:29  SCV  
  16  1:41  SCV  
  17  1:54  Reaper, Orbital Command  
  18  2:07  Supply Depot  
  18  2:21  Command Center  
  18  2:22  SCV  
  18  2:34  Factory  
  18  2:38  SCV  
  19  2:46  Barracks Reactor  
  19  2:50  SCV  
  20  2:55  Refinery  
  20  3:04  SCV  
  21  3:16  SCV  
  22  3:20  Starport  
  22  3:28  SCV  
  22  3:32  Hellion x2  
  27  3:40  SCV  
  28  3:53  Hellion  
  28  3:54  Hellion, Orbital Command  
  32  3:57  SCV  
  32  4:01  Viking, Supply Depot  
  35  4:11  Barracks Tech Lab  
  35  4:12  SCV  
  36  4:22  SCV  
  37  4:24  SCV  
  37  4:28  Supply Depot  
  38  4:34  SCV  
  39  4:41  SCV  
  39  4:44  Hellion x2  
  44  4:46  SCV  
  44  4:48  Banshee, Cloaking Field  
  44  4:52  Supply Depot  
  48  4:53  SCV  
  49  5:03  SCV  
  50  5:08  Command Center  
  50  5:13  Hellion x2  
  55  5:21  SCV x2  
  55  5:27  Factory  
  56  5:33  Banshee  
  56  5:34  SCV  
  60  5:39  Hellion  
  60  5:40  Hellion, SCV  
  65  5:43  Factory  
  65  5:46  SCV  
  63  6:05  SCV x2  
  63  6:17  SCV x2  
  65  6:29  SCV  
  66  6:34  Factory Tech Lab  
  66  6:40  Factory  
  66  6:42  Refinery  
  66  6:44  Refinery, Supply Depot  
  66  6:45  SCV x2  
  68  6:53  Siege Tank x2  
  78  6:54  Hellion x2  
  78  6:55  SCV  
  79  7:09  SCV  
  79  7:12  Orbital Command  
  78  7:25  Siege Tank x2  
  78  7:29  Factory Tech Lab  
  84  7:30  SCV  
  84  7:33  SCV  
  86  7:46  Supply Depot  
  86  7:49  Hellion x2  
  88  7:52  Orbital Command  
  88  7:53  Siege Tank  
  88  7:54  SCV  
  88  7:57  Siege Tank  
  88  7:58  Supply Depot  
  95  8:01  Infernal Pre-Igniter  
  95  8:03  Engineering Bay  
  95  8:08  Siege Tank  
  98  8:18  Hellion x2, Mag-Field Accelerator  
  98  8:19  SCV  
  103  8:20  SCV x2  
  105  8:31  SCV  
  105  8:32  SCV  
  105  8:33  SCV  
  108  8:39  Siege Tank  
  111  8:48  Supply Depot  
  111  8:49  SCV x2  
  111  8:58  Hellion  
  111  9:00  SCV  
  111  9:02  SCV, Factory  
  118  9:10  Cyclone, SCV, Siege Tank  
  118  9:12  SCV  
  118  9:15  Supply Depot  
  118  9:16  Armory, Supply Depot, SCV, Hellion  
  122  9:17  Armory  
  122  9:20  Siege Tank  
  122  9:22  SCV  
  127  9:24  SCV  
  127  9:27  Factory  
  127  9:36  SCV x3  
  130  9:40  Supply Depot  
  130  9:41  Supply Depot  
  130  9:42  Cyclone, Hellion, Missile Turret, Siege Tank  
  138  9:47  Factory Tech Lab  
  138  9:48  SCV x2  
  140  9:53  Hellion  
  140  9:54  SCV  
  140  9:56  Refinery  
  140  9:59  Refinery  
  143  10:00  Missile Turret  
  143  10:05  Command Center  
  143  10:09  Cyclone, Siege Tank  
  143  10:10  Hellion  
  151  10:15  Terran Vehicle Weapons Level 1  
  151  10:16  SCV  
  152  10:21  Missile Turret  
  152  10:27  SCV, Sensor Tower  
  153  10:37  Factory Reactor  
  153  10:38  Drilling Claws, Smart Servos  
  153  10:39  Supply Depot  
  153  10:40  SCV  
  153  10:41  SCV  
  153  10:42  Factory  
  155  10:52  Cyclone  
  155  10:55  Supply Depot  
  158  11:00  Siege Tank  
  158  11:01  Hellion  
  162  11:04  SCV x2  
  162  11:08  Starport Reactor  
  162  11:09  SCV  
  164  11:11  Terran Vehicle And Ship Armor Level 1  
  164  11:13  Supply Depot  
  164  11:14  Supply Depot  
  164  11:16  SCV  
  150  11:47  Cyclone, Siege Tank, Thor, Hellion  
  150  11:48  Factory Tech Lab  
  150  11:54  Hellion, Widow Mine x2  
  170  12:05  SCV  
  171  12:09  Command Center  
  171  12:17  Terran Vehicle Weapons Level 2  
  171  12:21  Refinery, Missile Turret  
  170  12:30  Command Center  
  170  12:33  Refinery, Missile Turret  
  170  12:34  Supply Depot  
  167  12:47  Thor  
  167  12:48  Siege Tank, Hellion  
  178  12:55  Cyclone, Siege Tank, Hellion  
  187  13:05  Cyclone  
  187  13:06  Hellion  
  187  13:09  Terran Vehicle And Ship Armor Level 2  
  179  13:20  Siege Tank  
  172  13:41  Supply Depot  
  172  13:44  Cyclone, Siege Tank  
  172  13:45  Hellion, Thor x2  
  172  13:47  Hellion x2  
  196  13:49  Liberator  
  196  13:51  Planetary Fortress  
  196  13:53  SCV  
  200  14:02  Missile Turret  
  196  14:03  SCV  
  196  14:04  Missile Turret  
  197  14:11  Planetary Fortress  
  197  14:24  Command Center  
  197  14:26  Missile Turret  
  197  14:31  Viking  
  156  15:02  Thor x5  
  156  15:03  Hellion  
  169  15:19  Viking  
  169  15:20  Viking  
  170  15:23  Hellion x3  
  170  15:24  Hellion  
  148  15:44  Hellion x3  
  148  15:45  Hellion x2  
Tags
 
Add a new tag
Caveats
  • Supply blocks, unpowered buildings, or Contaminate may cause inaccurate times.
  • Supply counts are checked every 10 seconds.